 Dungeon Crawl Stone Soup version 0.29.1-15-g9cfb28693d (webtiles) character file.

Game seed: 17963974430344173089

642 asdfasdf the Chopper (level 7, 0/60 HPs)
             Began as a Hill Orc Fighter on Apr 29, 2023.
             Slain by a kobold
             ... wielding a +0 trident
              (7 damage)
             ... on level 5 of the Dungeon.
             The game lasted 00:09:35 (3469 turns).

asdfasdf the Chopper (Hill Orc Fighter)             Turns: 3469, Time: 00:09:35

Health: 0/60       AC: 11    Str: 21    XL:     7   Next: 51%
Magic:  7/7        EV: 10    Int:  8    God:
Gold:   251        SH:  5    Dex: 16    Spells: 6/6 levels left

rFire   . . .      SeeInvis .   a - +0 war axe (elec)
rCold   . . .      Faith    .   c - +0 buckler
rNeg    . . .      Spirit   .   B - +0 plate armour
rPois   .          Reflect  .   (no helmet)
rElec   .          Harm     .   w - +2 cloak {Stlth+}
rCorr   .          Rampage  .   (no gloves)
Will    .....      Rnd*Tele +   b - +0 pair of boots
Stlth   ..........              k - amulet of regeneration
HPRegen 1.00/turn               s - +4 ring of evasion
MPRegen 0.10/turn               A - +6 ring of dexterity

@: mighty, flying
A: deformed body, teleportitis 1, MP-powered wands
a: no special abilities


You were on level 5 of the Dungeon.
You visited 1 branch of the dungeon, and saw 5 of its levels.

You collected 251 gold pieces.

Inventory:

Hand Weapons
 a - a +0 war axe of electrocution (weapon)
Armour
 b - a +0 pair of boots (worn)
 c - a +0 buckler (worn)
 w - a +2 cloak of stealth (worn)
 B - a +0 plate armour (worn)
Jewellery
 k - an amulet of regeneration (around neck)
 o - the dreamshard necklace {*Dream Drain}
   (You found it on level 2 of the Dungeon)

   [amulet of nothing]

   It shatters if its wearer takes lethal or near-lethal damage, preventing the
   blow and releasing protective dreams that heal and fight for the wearer.
   Drain:     It drains your maximum health when unequipped.
 s - a +4 ring of evasion (left hand)
 A - a +6 ring of dexterity (right hand)
Scrolls
 h - 2 scrolls of identify
 m - a scroll of immolation {unknown}
 p - a scroll of butterflies {unknown}
 r - 3 scrolls of teleportation
 t - a scroll of magic mapping {unknown}
 u - 2 scrolls of noise
 v - a scroll of enchant weapon {unknown}
 x - a scroll of silence {unknown}
Potions
 d - a potion of might
 e - a potion of ambrosia {unknown}
 f - a potion of curing {unknown}
 g - a potion of haste {unknown}
 i - a potion of heal wounds
 n - a potion of mutation
 q - a potion of degeneration {unknown}
 z - a potion of lignification {unknown}
 C - 2 potions of flight


   Skills:
 + Level 4.7 Fighting
 + Level 7.7 Axes
 + Level 5.4 Armour
 + Level 1.1 Dodging
 + Level 4.2 Shields


You had 6 spell levels left.
You didn't know any spells.
Your spell library contained the following spells:

 Spells                   Type           Power      Damage    Failure   Level
 Apportation              Tloc           0%         N/A       100%        1
 Foxfire                  Conj/Fire      0%         2x1d4     100%        1
 Scorch                   Fire           0%         2d5       100%        2
 Conjure Flame            Conj/Fire      0%         6-21      100%        3
 Inner Flame              Hex/Fire       0%         N/A       100%        3
 Flame Wave               Conj/Fire      0%         2d4       100%        4
 Passage of Golubria      Tloc           0%         N/A       100%        4
 Alistair's Intoxication  Tmut/Pois      0%         N/A       100%        5
 Silence                  Hex/Air        0%         N/A       100%        5
 Summon Cactus Giant      Summ           0%         N/A       100%        6
 Lehudib's Crystal Spear  Conj/Erth      0%         10d2      100%        8


Dungeon Overview and Level Annotations

Branches:
Dungeon (5/15)
 Temple: D:4-7

Altars:

Shops:
D:1 :

Annotations:
D:1 1 transporter


Innate Abilities, Weirdness & Mutations

Armour fits poorly on your strangely shaped body.
You are occasionally teleported next to monsters.
You expend magic power (3 MP) to strengthen your wands.


Message History

It was a scroll of noise.
You hear a shout! x4; You hear an angry hiss.
You hear a shout!
As you read the scroll labelled MOCVIA PUGI, it crumbles to dust.
It is a scroll of identify.
i - a potion of heal wounds
As you read the scroll labelled FEOPRY JOCK, it crumbles to dust.
It is a scroll of brand weapon.
Your +0 war axe crackles with electricity.
a - a +0 war axe of electrocution (weapon)
As you read the scroll labelled TEICIO CIOL, it crumbles to dust.
You assume a fearsome visage.
Nothing appears to happen.
It was a scroll of fear.
Your surroundings suddenly seem different.
A jelly comes into view.
The jelly quivers.
A kobold comes into view. It is wielding a +0 trident.
The kobold shouts!
The jelly closely misses you. The jelly barely misses you.
The kobold barely misses you. The jelly hits you.
You are splashed with acid!
* * * LOW HITPOINT WARNING * * *
A kobold and a jackal come into view.
The jackal barks!
You hear a shout!
You hear a bark!
The kobold hits you with a +0 trident.
* * * LOW HITPOINT WARNING * * *
The kobold throws a stone.
The stone closely misses you.
The stone hits the jelly.
The jelly hits you.
* * * LOW HITPOINT WARNING * * *
You are splashed with acid!
* * * LOW HITPOINT WARNING * * *
A jackal comes into view.
You feel very mighty all of a sudden.
The jackal barks!
The kobold hits you but does no damage. You block the jelly's attack.
A kobold comes into view. It is wielding a +0 club.
The kobold attacks as you move away! The kobold hits you but does no damage.
The kobold throws a stone.
You block the stone. You block the jelly's attack.
The jelly attacks as you move away! The jelly hits you but does no damage.
The kobold hits you from afar with a +0 trident!
You die...

................#
#################
## K# K# .# ###
#.##########
#....#.#@...#...#
....h.K......#..#
....h#.#J.......#
................#
# ####.######..##
#. ....# ##
......# ...###...
...# ##..


You could see a jelly, 2 jackals and a kobold.

Vanquished Creatures
  An ice beast (D:5)
  A black bear (D:4)
  A scorpion (D:5)
  3 jellies
  A hound (D:5)
  Crazy Yiuf (D:3)
  4 iguanas
  5 adders
  2 worms
  2 dart slugs
  5 orcs
  7 ball pythons
  10 endoplasms
  9 giant cockroaches
  4 hobgoblins
  6 quokkas
  10 bats
  7 frilled lizards
  5 goblins
  13 kobolds
  5 rats
102 creatures vanquished.

Notes
Turn   | Place    | Note
-------+----------+-------------------------------------------
     0 | D:1      | asdfasdf the Hill Orc Fighter began the quest for the Orb.
     0 | D:1      | Reached XP level 1. HP: 19/19 MP: 1/1
   202 | D:1      | Reached XP level 2. HP: 27/27 MP: 2/2
   425 | D:1      | Reached skill level 3 in Axes
   425 | D:1      | Reached XP level 3. HP: 21/33 MP: 3/3
   799 | D:1      | Found a faded altar of an unknown god.
  1058 | D:1      | Found Hoom's Book Shop.
  1594 | D:2      | Found the dreamshard necklace {*Dream Drain}
  1628 | D:2      | Reached XP level 4. HP: 40/40 MP: 4/4
  2487 | D:3      | Found a runed translucent door.
  2488 | D:3      | Noticed Crazy Yiuf
  2497 | D:3      | Killed Crazy Yiuf
  2498 | D:3      | Reached skill level 4 in Axes
  2498 | D:3      | Reached skill level 1 in Dodging
  2498 | D:3      | Reached XP level 5. HP: 21/46 MP: 0/5
  2834 | D:4      | Reached skill level 5 in Armour
  2966 | D:4      | Reached skill level 5 in Axes
  2966 | D:4      | Reached XP level 6. HP: 47/52 MP: 6/6
  3043 | D:4      | Noticed a black bear
  3058 | D:4      | Killed a black bear
  3157 | D:5      | Entered Level 5 of the Dungeon
  3261 | D:5      | Reached skill level 6 in Axes
  3311 | D:5      | Reached XP level 7. HP: 60/60 MP: 7/7
  3351 | D:5      | Reached skill level 7 in Axes
  3449 | D:5      | Gained mutation: Armour fits poorly on your strangely
                  | shaped body. [potion of mutation]
  3449 | D:5      | Gained mutation: You are occasionally teleported next to
                  | monsters. [potion of mutation]
  3449 | D:5      | Gained mutation: You expend magic power (3 MP) to
                  | strengthen your wands. [potion of mutation]
  3469 | D:5      | Slain by a kobold

Illustrated notes

Levels and vault maps discovered:
D:1:      spicycebolla_arrival_risky_transporter, layout_basic,
          shapermc_ecumenical_altar_mp_highgroup, serial_shops,
          nicolae_lakefront_shop
D:2:      layout_basic
D:3:      layout_rooms, minmay_between, uniq_crazy_yiuf_cottage
D:4:      layout_basic
D:5:      wad_river_or_something, layout_layer_cave, minmay_shop_damaged

Skill      XL: |  1  2  3  4  5  6  7 |
---------------+----------------------+-----
Fighting       | 4 |  4.7
Axes           | 3 4 5 6 7 |  7.7
Armour         | 4 5 |  5.4
Dodging        | 1 |  1.1
Shields        | 4 |  4.2

Action                   |  1- 3 |  4- 6 |  7- 9 || total
-------------------------+-------+-------+-------++-------
Melee: War axe           |   109 |   163 |    56 ||   328
  Use: Scroll            |       |       |     6 ||     6
       Potion            |       |       |     3 ||     3
Armor: Scale mail        |    64 |    32 |       ||    96
       Chain mail        |       |    65 |       ||    65
       Plate armour      |       |    37 |    27 ||    64
Dodge: Dodged            |    71 |    78 |    42 ||   191
Block: Buckler           |    38 |    54 |    19 ||   111
